 Dungeon Crawl Stone Soup version 0.17-a0-2108-g65e8068 (webtiles) character file.

667 Burgundious the Conjurer (level 7, 0/46 HPs)
             Began as a Demonspawn Fire Elementalist on Oct 19, 2015.
             Was a Follower of Vehumet.
             Slain by a water moccasin zombie (5 damage)
             ... in an ossuary.
             The game lasted 00:14:33 (4066 turns).

Burgundious the Conjurer (DsFE)                     Turns: 4066, Time: 00:14:33

Health: 0/46       AC:  4    Str:  8    XL:     7   Next: 31%
Magic:  0/10       EV: 12    Int: 18    God:    Vehumet [*.....]
Gold:   208        SH:  0    Dex: 14    Spells: 3 memorised, 2 levels left

rFire  + . .     SeeInvis .     v - +2 short sword (venom)
rCold  x . .     Clarity  .     a - +0 robe
rNeg   + . .     SustAt   .     (no shield)
rPois  .         Gourm    .     (no helmet)
rElec  .         Spirit   +     (no cloak)
rCorr  .         Warding  +     (no gloves)
rMut   .         Stasis   .     (no boots)
MR     .....                    p - amulet of warding
Stlth  ++........               o - ring of fire
                                e - ring of wizardry

@: not resistant to hostile enchantments, unstealthy
A: thin metallic scales 1, foul stench 1, magic shield, rot immunity
a: Renounce Religion


You were in an ossuary.
You worshipped Vehumet.
Vehumet was aware of your devotion.
You were very hungry.

You visited 1 branch of the dungeon, and saw 5 of its levels.
You also visited: Ossuary.

You collected 208 gold pieces.

Inventory:

Hand Weapons
 g - a +0 dagger
 h - a +0 whip
 v - a +2 short sword of venom (weapon)
 y - a +4 war axe
Missiles
 f - 6 curare-tipped needles
Armour
 a - a +0 robe (worn)
Jewellery
 e - a ring of wizardry (left hand)
 j - an uncursed ring of poison resistance
 m - an uncursed ring of see invisible
 o - a ring of fire (right hand)
 p - an amulet of warding (around neck)
Scrolls
 d - 4 scrolls of identify {unknown}
 n - 6 scrolls of remove curse {unknown}
 u - 5 scrolls of teleportation {unknown}
 w - a scroll of blinking {unknown}
Potions
 q - a potion of brilliance {unknown}
 r - a potion of might {unknown}
 s - a potion of degeneration {unknown}
 t - 2 potions of beneficial mutation {unknown}
 x - 2 potions of poison
Books
 b - a book of Flames

   Spells                             Type                      Level
   a - Flame Tongue                   Conjuration/Fire             1
   b - Throw Flame                    Conjuration/Fire             2
   c - Conjure Flame                  Conjuration/Fire             3
   d - Inner Flame                    Hexes/Fire                   3
   e - Sticky Flame                   Conjuration/Fire             4
   f - Fireball                       Conjuration/Fire             5
Comestibles
 c - a bread ration
 i - a beef jerky
 l - a meat ration


   Skills:
 - Level 1.8 Dodging
 - Level 1.7 Stealth
 - Level 2.0 Spellcasting
 - Level 6.4 Conjurations
 + Level 5.1 Fire Magic


You had 2 spell levels left.
You knew the following spells:

 Your Spells              Type           Power        Failure   Level  Hunger
a - Flame Tongue          Conj/Fire      ####.        1%          1    #......
b - Conjure Flame         Conj/Fire      ####....     2%          3    ###....
c - Sticky Flame          Conj/Fire      ####....     9%          4    #####..


Dungeon Overview and Level Annotations

Branches:
Dungeon (5/15)
 Temple: D:4-7

Altars:
Dithmenos
Makhleb
Qazlal
Vehumet


Innate Abilities, Weirdness & Mutations

You are partially covered in thin metallic scales (AC +2).
You may emit foul miasma when damaged in melee.
When hurt, damage is shared between your health and your magic reserves.
You are immune to rotting.


Message History

Casting: Flame Tongue
Confirm with . or Enter, or press ? or * to list all spells.
Aiming: Flame Tongue
Press: ? - help, Shift-Dir - straight line, f/p - water moccasin zombie
Aim: a water moccasin zombie You feel a surge of power!
The flame tongue hits the water moccasin zombie.
The water moccasin zombie bites you.
* * * LOW HITPOINT WARNING * * *
The gnoll zombie closely misses you.
You hit the water moccasin zombie. The water moccasin zombie bites you.
* * * LOW HITPOINT WARNING * * *
The adder zombie bites you but does no damage.
The water moccasin zombie bites you.
* * * LOW HITPOINT WARNING * * *
The gnoll zombie completely misses you.
You hit the water moccasin zombie. The adder zombie bites you.
* * * LOW HITPOINT WARNING * * *
The water moccasin zombie bites you.
You die... #...# #...# #... #ZZ

#'### #Z^^#
#### #####^^.#
#!?!!#.ZZ#...#
+?%[!#@ZZ'...#
#!!??#.Z.#..∩#
##############


You could see an adder zombie, a water moccasin zombie, a hobgoblin zombie, a
gnoll zombie and a big kobold zombie.

Vanquished Creatures
  Sigmund (D:3)
  Menkaure (D:4)
  A phantom (D:4)
  A scorpion (D:4)
  A hound (D:4)
  A worker ant (D:4)
  Robin (D:3)
  3 adders
  4 gnolls (D:2)
  An adder skeleton (D:4)
  An ooze (D:1)
  6 giant geckos
  7 orcs (D:4)
  A ball python (D:2)
  10 bats
  3 giant cockroaches
  A gnoll zombie (Ossuary)
  13 hobgoblins
  4 jackals (D:5)
  12 kobolds
  2 quokkas (D:3)
  6 giant newts
  9 goblins
  A jackal skeleton (D:3)
  A kobold zombie (Ossuary)
  9 rats
101 creatures vanquished.

Notes
Turn   | Place    | Note
--------------------------------------------------------------
     0 | D:1      | Burgundious the Demonspawn Fire Elementalist began the quest for the Orb.
     0 | D:1      | Reached XP level 1. HP: 13/13 MP: 3/3
   369 | D:1      | Gained mutation: When hurt, damage is shared between your health and your magic reserves. [demonic ancestry]
   369 | D:1      | Reached XP level 2. HP: 19/19 MP: 3/5
   892 | D:2      | Reached skill level 3 in Conjurations
   892 | D:2      | Gained mutation: You are immune to rotting. [demonic ancestry]
   892 | D:2      | Reached XP level 3. HP: 18/24 MP: 1/6
  1271 | D:2      | Reached XP level 4. HP: 27/30 MP: 3/7
  1561 | D:2      | Reached skill level 4 in Conjurations
  1949 | D:3      | Learned a level 3 spell: Conjure Flame
  1966 | D:3      | Noticed Sigmund
  2183 | D:4      | Noticed Menkaure
  2194 | D:2      | Found a burning altar of Makhleb.
  2194 | D:2      | Found a radiant altar of Vehumet.
  2232 | D:2      | Became a worshipper of Vehumet
  2354 | D:4      | Killed Menkaure
  2354 | D:4      | Reached skill level 5 in Conjurations
  2354 | D:4      | Gained mutation: You are partially covered in thin metallic scales (AC +2). [demonic ancestry]
  2354 | D:4      | Reached XP level 5. HP: 15/35 MP: 0/8
  2676 | D:4      | Noticed a phantom
  2682 | D:4      | Killed a phantom
  2682 | D:4      | Reached skill level 6 in Conjurations
  2682 | D:4      | Gained mutation: You may emit foul miasma when damaged in melee. [demonic ancestry]
  2682 | D:4      | Reached XP level 6. HP: 36/41 MP: 1/9
  2918 | D:4      | Learned a level 4 spell: Sticky Flame
  3221 | D:4      | Found a shadowy altar of Dithmenos.
  3305 | D:4      | Found a stormy altar of Qazlal.
  3578 | D:3      | Killed Sigmund
  3578 | D:3      | Reached XP level 7. HP: 44/46 MP: 2/10
  3652 | D:3      | Noticed Robin
  3679 | D:3      | Reached skill level 5 in Fire Magic
  3684 | D:3      | Killed Robin
  3687 | D:3      | Reached * piety under Vehumet
  3687 | D:3      | Offered knowledge of Sting by Vehumet.
  3980 | D:5      | Entered Level 5 of the Dungeon
  4000 | D:5      | Found a sand-covered staircase.
  4033 | Ossuary  | Entered an ossuary
  4066 | Ossuary  | Slain by a water moccasin zombie

Vault maps used:
D:1:      elethiomel_arrival_quiet
D:2:      nicolae_overflow_hidden_temple
D:3:      uniq_sigmund, uniq_robin
D:4:      lemuel_coloured_pillars_altar, lemuel_round_altar, uniq_menkaure
D:5:      kiku_gazebo_pond_becter, temple_pool_a, first_bread, enter_ossuary_5,
          uniq_blork_the_orc
Ossuary:  ossuary_tomb_2

Action                   |  1- 3 |  4- 6 |  7- 9 || total
-------------------------+-------+-------+-------++-------
Melee: Unarmed           |     4 |       |       ||     4
       Short sword       |     7 |    18 |    35 ||    60
 Cast: Flame Tongue      |    47 |    75 |    33 ||   155
       Conjure Flame     |       |     1 |       ||     1
       Sticky Flame      |       |     1 |       ||     1
  Use: Potion            |       |     2 |       ||     2
  Eat: Chunk             |     2 |     8 |     1 ||    11
